 Dungeon Crawl Stone Soup version 0.29.1-1-gd02db6906a (webtiles) character file.

Game seed: 1583340112386483424

494 112233 the Conjurer (level 6, -5/47 HPs)
             Began as a Demonspawn Conjurer on Oct 10, 2022.
             Slain by an ogre
             ... wielding a +0 giant club
              (30 damage)
             ... on level 6 of the Dungeon.
             The game lasted 00:06:43 (4274 turns).

112233 the Conjurer (Demonspawn Conjurer)           Turns: 4274, Time: 00:06:43

Health: -5/47      AC:  2    Str:  7    XL:     6   Next: 92%
Magic:  17/21      EV: 12    Int: 27    God:
Gold:   323        SH:  4    Dex: 12    Spells: 3/14 levels left

rFire   . . .      SeeInvis .   B - +1 war axe (elec)
rCold   . . .      Faith    .   (no shield)
rNeg    . . .      Spirit   .   a - +0 robe
rPois   .          Reflect  .   (helmet restricted)
rElec   .          Harm     .   (no cloak)
rCorr   .          Rampage  .   (no gloves)
Will    .....                   (no boots)
Stlth   ++........              s - amulet of magic regeneration
HPRegen 0.15/turn               y - ring of magical power
MPRegen 0.74/turn               z - +6 ring of intelligence

@: no status effects
A: antennae 1, magic regeneration, condensation shield
a: no special abilities


You were on level 6 of the Dungeon.
You visited 1 branch of the dungeon, and saw 6 of its levels.

You collected 323 gold pieces.

Inventory:

Hand Weapons
 g - a +0 whip of freezing
 q - the +7 great mace of Reapportionment {distort, rPois rC++ Str+3 Dex-3 Stlth+}
   (You found it on level 3 of the Dungeon)

   It warps and distorts space around it, and may blink, banish, or inflict
   extra damage upon those it strikes.
   Unwielding it can cause banishment or high damage.
   Str:       It affects your strength (+3).
   Dex:       It affects your dexterity (-3).
   rC:        It greatly protects you from cold.
   rPois:     It protects you from poison.
   Stlth:     It makes you more stealthy.
 B - a +1 war axe of electrocution (weapon)
Armour
 a - a +0 robe (worn)
 w - a +0 helmet
Jewellery
 e - an amulet of regeneration
 j - a ring of willpower
 s - an amulet of magic regeneration (around neck)
 u - an amulet of the acrobat
 v - a +4 ring of evasion
 y - a ring of magical power (left hand)
 z - a +6 ring of intelligence (right hand)
Wands
 x - a wand of charming (5)
Scrolls
 c - 3 scrolls of teleportation
 d - 4 scrolls of brand weapon
 f - a scroll of torment {unknown}
 h - 3 scrolls of identify {unknown}
 n - a scroll of amnesia {unknown}
 o - a scroll of enchant weapon {unknown}
 r - a scroll of silence {unknown}
 t - 2 scrolls of magic mapping {unknown}
Potions
 b - a potion of magic
 i - 2 potions of attraction
 k - a potion of resistance {unknown}
 l - a potion of curing {unknown}
 m - 3 potions of might {unknown}
 p - a potion of berserk rage {unknown}
 A - a potion of ambrosia {unknown}


   Skills:
 + Level 3.0 Fighting
 + Level 3.3 Dodging
 - Level 1.7 Stealth
 * Level 4.6 Spellcasting
 + Level 5.1 Conjurations


You had 3 spell levels left.
You knew the following spells:

 Your Spells              Type           Power      Damage    Failure   Level
a - Magic Dart            Conj           100%       1d8       1%          1
b - Searing Ray           Conj           68%        2d6       1%          2
c - Fulminant Prism       Conj/Hex       10%        3d9       26%         4
d - Iskenderun's Mystic   Conj/Tloc      20%        2d6       26%         4

Your spell library contained the following spells:

 Spells                   Type           Power      Damage    Failure   Level
 Foxfire                  Conj/Fire      80%        2x1d8     2%          1
 Conjure Flame            Conj/Fire      20%        6-21      8%          3
 Dazzling Flash           Conj/Hex       40%        N/A       8%          3
 Ensorcelled Hibernation  Hex/Ice        12%        N/A       12%         2
 Inner Flame              Hex/Fire       6%         N/A       22%         3
 Spider Form              Tmut/Pois      6%         N/A       22%         3
 Flame Wave               Conj/Fire      20%        2d7       26%         4
 Iskenderun's Battlesphe  Conj           34%        2d9       26%         5
 Anguish                  Hex/Necr       3%         N/A       58%         4
 Iron Shot                Conj/Erth      10%        9d3       99%         6
 Spellforged Servitor     Conj/Summ      10%        N/A       100%        7


Dungeon Overview and Level Annotations

Branches:
Dungeon (7/15)
 Temple: D:4-7

Altars:
Cheibriados

Shops:
D:3 (

Annotations:
D:4 Eustachio


Innate Abilities, Weirdness & Mutations

You have a pair of small antennae on your head.
You regenerate magic rapidly.
A meltable shield of frost defends you. (SH +4)


Message History

Confirm with . or Enter, or press ? or * to list all spells.
You can't see any susceptible monsters within range! (Use Z to cast anyway.)
d - 4 scrolls of brand weapon (gained 1) As you open the door, it creaks loudly!
There is an open door here.
There is an open door here.
There is an open door here.
You now have 323 gold pieces (gained 9).
Found a stone staircase leading down.
An ogre comes into view. It is wielding a +0 giant club.
The ogre shouts!
The ogre moves out of view.
There is a stone staircase leading down here.
Casting: Magic Dart (safe; 1% risk of failure)
Confirm with . or Enter, or press ? or * to list all spells.
Aiming: Searing Ray (safe; 1% risk of failure)
Press: ? - help, Shift-Dir - straight line, f - ogre
Aim: an ogre, wielding a +0 giant club (91% to hit)
The searing ray hits the ogre!
The ogre is moderately wounded. (Press . to maintain the ray.)
The searing ray hits the ogre!
The ogre is heavily wounded.
The searing ray hits the ogre.
The ogre is severely wounded.
The searing ray hits the ogre.
The ogre is severely wounded.
You finish channelling your searing ray.
The ogre hits you with a +0 giant club!!
Casting: Searing Ray (safe; 1% risk of failure)
Confirm with . or Enter, or press ? or * to list all spells.
Aiming: Searing Ray (safe; 1% risk of failure)
Press: ? - help, Shift-Dir - straight line, f/p - ogre
Aim: an ogre, wielding a +0 giant club (severely wounded, 91% to hit)
The searing ray hits the ogre.
The ogre is almost dead. (Press . to maintain the ray.)
The ogre hits you with a +0 giant club!!
Ouch! That really hurt!
You die...

.#.######
......O@#
.#.####.#
#.# #.#
#.####.#
#......#
######.#
###########
#.#
..........#
#.#


You could see an ogre.

Vanquished Creatures
  A bullfrog (D:6)
  A gnoll bouda (D:6)
  2 orc priests
  An iguana (D:6)
  4 orc wizards
  Robin (D:2)
  6 adders
  6 gnolls
  A dart slug (D:1)
  15 orcs
  5 endoplasms
  A giant cockroach (D:2)
  10 goblins
  6 hobgoblins
  5 jackals (D:1)
  A quokka (D:3)
  8 ball pythons
  8 bats
  5 frilled lizards (D:1)
  6 kobolds
  4 rats
97 creatures vanquished.

Vanquished Creatures (others)
  A fulminant prism (D:4)
  10 fungi (D:2)
  3 toadstools (D:2)
14 creatures vanquished.

Grand Total: 111 creatures vanquished

Notes
Turn   | Place    | Note
-------+----------+-------------------------------------------
     0 | D:1      | 112233 the Demonspawn Conjurer began the quest for the Orb.
     0 | D:1      | Reached XP level 1. HP: 13/13 MP: 3/3
   528 | D:1      | Gained mutation: You regenerate magic rapidly. [demonic
                  | ancestry]
   528 | D:1      | Reached XP level 2. HP: 20/20 MP: 1/5
   755 | D:1      | Learned a level 2 spell: Searing Ray
   845 | D:1      | Reached skill level 1 in Fighting
   928 | D:1      | Reached XP level 3. HP: 26/26 MP: 3/6
  1374 | D:2      | Found a snail-covered altar of Cheibriados.
  1515 | D:3      | Identified the +7 great mace of Reapportionment {distort,
                  | rPois rC++ Str+3 Dex-3 Stlth+}
  1558 | D:3      | Gained mutation: A meltable shield of frost defends you.
                  | (SH +4) [demonic ancestry]
  1558 | D:3      | Reached XP level 4. HP: 32/32 MP: 5/8
  1569 | D:3      | Found Oklahas's Antique Weapon Emporium.
  1869 | D:2      | Learned a level 4 spell: Fulminant Prism
  1974 | D:2      | Noticed Robin
  1979 | D:2      | Killed Robin
  1980 | D:2      | Reached XP level 5. HP: 38/38 MP: 4/10
  2073 | D:2      | Found a faded altar of an unknown god.
  2995 | D:4      | Noticed Eustachio
  3189 | D:4      | You fall into a shaft and drop 3 floors!
  3209 | D:7      | Noticed a sky beast
  3461 | D:7      | Gained mutation: You have a pair of small antennae on your
                  | head. [demonic ancestry]
  3461 | D:7      | Reached XP level 6. HP: 45/45 MP: 12/12
  3584 | D:6      | Learned a level 4 spell: Iskenderun's Mystic Blast
  3910 | D:6      | Reached skill level 5 in Conjurations
  4274 | D:6      | Slain by an ogre

Illustrated notes

Levels and vault maps discovered:
D:1:      matt_arrival_grand_opening, layout_basic, feat_on_display
D:2:      layout_loops_ring, basic_altar,
          hellmonk_ecumenical_altar_leap_of_faith, grunt_decor_cap,
          minmay_gold_behind_fungi, uniq_robin
D:3:      layout_loops_cross, serial_shops, nicolae_square_shop
D:4:      layout_basic, gup_sewer_entry_spiral, uniq_eustachio
D:6:      layout_basic, st_stairs_14
D:7:      layout_basic, nicolae_uskayaw_dance_hall

Skill      XL: |  1  2  3  4  5  6 |
---------------+-------------------+-----
Dodging        | 2 3 |  3.3
Fighting       | 1 2 3 |  3.0
Spellcasting   | 3 4 |  4.6
Conjurations   | 5 |  5.1
Stealth        | |  1.7

Action                   |  1- 3 |  4- 6 || total
-------------------------+-------+-------++-------
 Cast: Magic Dart        |    68 |    75 ||   143
       Searing Ray       |     4 |    26 ||    30
       Fulminant Prism   |       |     1 ||     1
  Use: Scroll            |       |     2 ||     2
       Potion            |       |     2 ||     2
Armor: Robe              |     2 |     1 ||     3
Dodge: Dodged            |    11 |    11 ||    22
Block: Other             |       |     5 ||     5
